 Dungeon Crawl Stone Soup version 0.29.0-5-ge4962eb29e (webtiles) character file.

Game seed: 5810444256256714315

37 NinjaNoafa the Cutter (level 3, 18/28 HPs)
             Began as a Djinni Gladiator on Aug 29, 2022.
             Quit the game on level 3 of the Dungeon.
             The game lasted 00:03:41 (1816 turns).

NinjaNoafa the Cutter (Djinni Gladiator)            Turns: 1816, Time: 00:03:41

Health: 18/28      AC:  4    Str: 13    XL:     3   Next: 60%
Gold:   93         EV: 12    Int: 11    God:
                   SH:  0    Dex: 14

rFire   + + +      SeeInvis .   q - staff of conjuration
rCold   x . .      Faith    .   (no shield)
rNeg    . . .      Spirit   .   b - +0 leather armour
rPois   ∞          Reflect  .   c - +0 helmet
rElec   .          Harm     .   (no cloak)
rCorr   .          Rampage  .   (no gloves)
Will    .....                   (boots unavailable)
Stlth   +.........              (no amulet)
HPRegen 0.09/turn               j - ring of protection from fire
MPRegen 0.00/turn               (no ring)

@: flying
A: sickness immunity, fire resistance 2, cold vulnerability 1, float, innate
caster, HP casting, extra vitality 1
a: no special abilities


You were on level 3 of the Dungeon.
You visited 1 branch of the dungeon, and saw 3 of its levels.

You collected 93 gold pieces.

Inventory:

Hand Weapons
 a - a +0 rapier
Missiles
 d - 3 throwing nets (quivered)
 e - a javelin
 g - 26 stones
Armour
 b - a +0 leather armour (worn)
 c - a +0 helmet (worn)
Magical Staves
 q - a staff of conjuration (weapon)
Jewellery
 j - a ring of protection from fire (left hand)
Scrolls
 i - a scroll of vulnerability {unknown}
 k - a scroll of noise {unknown}
 l - a scroll of poison {unknown}
 n - a scroll of identify {unknown}
 p - a scroll of teleportation {unknown}
Potions
 f - 3 potions of curing {unknown}
 h - 2 potions of magic {unknown}
 m - 2 potions of lignification {unknown}
 o - a potion of might {unknown}


   Skills:
 - Level 2.0 Fighting
 - Level 3.4 Short Blades
 - Level 1.5 Throwing
 - Level 3.2 Dodging
 * Level 1.3 Spellcasting


You had 3 spell levels left.
You knew the following spells:

 Your Spells              Type           Power      Damage    Failure   Level
a - Freeze                Ice            12%        1d4       24%         1
Your spell library was empty.

Dungeon Overview and Level Annotations

Branches:
Dungeon (3/15)

Altars:
Okawaru


Innate Abilities, Weirdness & Mutations

You are immune to sickness and miasma.
You are immune to poison.
Your flesh is very heat resistant. (rF++)
You are vulnerable to cold. (rC-)
You float through the air rather than walking.
You learn spells naturally, not from books.
Your magical power is your life essence.
You have superior vitality. (+4 MHP)


Message History

p - a scroll labelled ASAM ACYTEUROK
Found a scroll labelled OME BUZODAGAOR and a square steel amulet.
Found an iron altar of Okawaru.
An adder comes into view.
You see here a staff of conjuration.
q - a staff of conjuration The adder hisses angrily.
j - a ring of protection from fire (left hand)
q - a staff of conjuration (weapon)
Found a fuming orange potion.
The adder bites you but does no damage.
You completely miss the adder. The adder bites you. x2
You miss the adder. The adder bites you but does no damage.
You hit the adder.
The adder is moderately wounded.
The adder bites you. The adder completely misses you.
You miss the adder.
The adder is lightly wounded.
The adder closely misses you. The adder bites you but does no damage.
You miss the adder.
The adder is lightly wounded.
The adder bites you.
You barely miss the adder.
The adder is lightly wounded.
The adder bites you but does no damage. x2
You hit the adder.
The adder is moderately wounded.
The adder barely misses you.
You hit the adder.
The adder is severely wounded.
The adder closely misses you. The adder bites you.
You closely miss the adder.
The adder is severely wounded.
The adder bites you but does no damage.
You hit the adder but do no damage.
The adder is severely wounded.
The adder closely misses you. The adder misses you.
You hit the adder but do no damage.
The adder is severely wounded.
The adder barely misses you.
Are you sure you want to abandon this character and quit the game? (Confirm with "yes".)

#..##.#..# #.#
#........# #.#
#........####.#
#.............#
#######..##..########
.?.......##....
#"#####..##.####
.#.#####..##.###
......S@.......#
..#.......≈≈≈..#
#.##...≈≈≈≈≈.# #
#.#.≈≈_≈≈.#
....≈≈.≈≈.#
##...≈≈.≈≈.#
#...≈≈.≈≈.#
!...≈...≈.#


You could see an adder.

Vanquished Creatures
  An adder (D:2)
  A worm (D:2)
  A dart slug (D:2)
  2 ball pythons (D:2)
  2 endoplasms (D:1)
  2 goblins
  3 hobgoblins
  A quokka (D:2)
  3 bats
  A frilled lizard (D:1)
  2 kobolds
  3 rats
22 creatures vanquished.

Notes
Turn   | Place    | Note
-------+----------+-------------------------------------------
     0 | D:1      | NinjaNoafa the Djinni Gladiator began the quest for the
                  | Orb.
     0 | D:1      | Reached XP level 1. HP: 18/18 MP: 0/0
   191 | D:1      | Found a faded altar of an unknown god.
   339 | D:1      | Reached XP level 2. HP: 14/23 MP: 0/0
   796 | D:2      | Reached XP level 3. HP: 26/28 MP: 0/0
   796 | D:2      | Learned a level 1 spell: Freeze
   853 | D:2      | Reached skill level 1 in Spellcasting
  1796 | D:3      | Found an iron altar of Okawaru.
  1816 | D:3      | Quit the game

Illustrated notes

Levels and vault maps discovered:
D:1:      psy_arrival_terrarium, layout_rooms, chequers_ecumenical_altar_twisty,
          minmay_misc_feat_enclosed
D:2:      layout_basic
D:3:      layout_loops_ring, mainiacjoe_overflow_catwalk

Skill      XL: |  1  2  3 |
---------------+----------+-----
Short Blades   | 3 |  3.4
Spellcasting   | 1 |  1.3
Fighting       | |  2.0
Throwing       | |  1.5
Dodging        | |  3.2

Action                   || total
-------------------------++-------
Melee: Rapier            ||    87
       Staff             ||    11
 Stab: Sleeping          ||     3
Armor: Leather armour    ||    25
Dodge: Dodged            ||    48
